 Dungeon Crawl Stone Soup version 0.27-a0-1431-gcffa5a9b16 (webtiles) character file.

Game seed: 7547852275429246905

2671 nyamberluvr69 the Cleaver (level 9, -3/88 HPs)
             Began as a Naga Fighter on July 2, 2021.
             Slain by a komodo dragon (16 damage)
             ... on level 6 of the Dungeon.
             The game lasted 00:16:49 (9010 turns).

nyamberluvr69 the Cleaver (Naga Fighter)            Turns: 9010, Time: 00:16:49

Health: -3/88      AC:  7    Str: 27    XL:     9   Next: 63%
Magic:  9/9        EV:  5    Int:  9    God:
Gold:   217        SH:  9    Dex: 11    Spells: 8/8 levels left

rFire    + . .     SeeInvis +   a - +1 war axe
rCold    . . .     Faith    .   c - +0 kite shield
rNeg     . . .     Spirit   .   b - +0 scale mail
rPois    +         Reflect  .   (no helmet)
rElec    .         Harm     .   r - +0 cloak
rCorr    .         Rampage  .   (no gloves)
Will     +....                  (no barding)
Stlth    ..........             (no amulet)
HPRegen  0.24/turn              h - +6 ring of strength
MPRegen  0.11/turn              i - ring of protection from fire

@: very slow
A: AC +3, large, see invisible, deformed body, poison resistance, slowness 2,
spit poison 1, naga tail 1
a: Spit Poison


You were on level 6 of the Dungeon.
You visited 1 branch of the dungeon, and saw 6 of its levels.
You also visited: Sewer.

You collected 245 gold pieces.
You spent 28 gold pieces at shops.

Inventory:

Hand Weapons
 a - a +1 war axe (weapon)
 x - a +4 hand axe
Missiles
 l - 31 poisoned darts
 m - a curare-tipped dart
 q - 2 throwing nets
 w - 7 boomerangs of dispersal
Armour
 b - a +0 scale mail (worn)
 c - a +0 kite shield (worn)
 r - a +0 cloak (worn)
Jewellery
 h - a +6 ring of strength (left hand)
 i - a ring of protection from fire (right hand)
Wands
 t - a wand of paralysis (1)
Scrolls
 d - 3 scrolls of teleportation {unknown}
 e - 2 scrolls of enchant weapon
 j - a scroll of summoning {unknown}
 k - 3 scrolls of immolation
 o - a scroll of blinking {unknown}
 p - a scroll of silence {unknown}
Potions
 f - a potion of brilliance
 g - a potion of magic
 n - a potion of might
 s - a potion of invisibility {unknown}
 u - a potion of attraction {unknown}
 v - a potion of haste


   Skills:
 + Level 8.0 Fighting
 * Level 10.6 Axes
 - Level 2.4 Armour
 - Level 2.4 Shields


You had 8 spell levels left.
You didn't know any spells.
Your spell library contained the following spells:

 Spells                   Type           Power      Damage    Failure   Level
 Beastly Appendage        Tmut           0%         N/A       98%         1
 Magic Dart               Conj           0%         1d3       98%         1
 Summon Small Mammal      Summ           0%         N/A       98%         1
 Call Imp                 Summ           0%         N/A       99%         2
 Passwall                 Tmut/Erth      0%         N/A       99%         2
 Slow                     Hex            0%         N/A       99%         2
 Wereblood                Tmut           0%         N/A       99%         2
 Call Canine Familiar     Summ           0%         N/A       100%        3
 Confusing Touch          Hex            0%         N/A       100%        3
 Mephitic Cloud           Conj/Pois/Air  0%         N/A       100%        3
 Portal Projectile        Hex/Tloc       0%         N/A       100%        3
 Spider Form              Tmut/Pois      0%         N/A       100%        3
 Summon Guardian Golem    Hex/Summ       0%         N/A       100%        3
 Swiftness                Air            0%         N/A       100%        3
 Tukima's Dance           Hex            0%         N/A       100%        3
 Leda's Liquefaction      Hex/Erth       0%         N/A       100%        4
 Passage of Golubria      Tloc           N/A        N/A       100%        4
 Yara's Violent Unravell  Hex/Tmut       0%         3d3       100%        5
 Invisibility             Hex            0%         N/A       100%        6


Dungeon Overview and Level Annotations

Branches:
Dungeon (6/15)              Sewer (visited)
 Temple: D:4-7

Altars:
Dithmenos
Fedhas
Gozag
Kikubaaqudgha
Nemelex Xobeh
Wu Jian
Yredelemnul

Shops:
D:3 ?

Annotations:
D:5 2 transporters, Menkaure


Innate Abilities, Weirdness & Mutations

Your serpentine skin is tough. (AC +3)
You have supernaturally acute eyesight. (SInv)
Armour fits poorly on your strangely shaped body.
Your system is resistant to poisons. (rPois)
You cover ground very slowly.
You can spit poison.
You have a snake-like lower body.


Message History

You slash the orc!
You kill the orc!
No reachable target in view!
No reachable target in view!
No reachable target in view!
No reachable target in view!
Things that are here:
a +0 falchion; an orc corpse You enter the shallow water.
Moving in this stuff is going to be slow.
You enter the shallow water.
Moving in this stuff is going to be slow.
A komodo dragon comes into view.
The komodo dragon hisses angrily.
You enter the shallow water.
Moving in this stuff is going to be slow.
The komodo dragon bites you!
The komodo dragon bites you but does no damage.
You hit the komodo dragon but do no damage.
The komodo dragon bites you!
You slash the komodo dragon!
The komodo dragon is moderately wounded.
The komodo dragon barely misses you.
You closely miss the komodo dragon.
The komodo dragon is moderately wounded.
The komodo dragon bites you!
You hit the komodo dragon.
The komodo dragon is moderately wounded.
The komodo dragon bites you!!
* * * LOW HITPOINT WARNING * * *
You block the komodo dragon's attack.
You hit the komodo dragon.
The komodo dragon is moderately wounded.
The komodo dragon bites you!
* * * LOW HITPOINT WARNING * * *
Aiming: Paralyse
Press: ? - help, Shift-Dir - straight line, f - komodo dragon
Aim: a komodo dragon (moderately wounded, chance to affect: 28%)
The komodo dragon easily resists.
The komodo dragon bites you!
You die...

##.# ##...## #.# #..#... ##.#
##.....## ####.# #..#... ...#
##.......## ##.##.# #..####
...###.........####.....###......
.....+)........'.................
...###.........####...#####.#....
....###.......#############.#....
##..# ##.....####....≈≈≈≈##...(..
##..# ##...####@########.###.#.#
....# ####'####l## .≈$≈≈##.##.#.#
###.###.......#≈# .≈P.≈;#)##.#.#
#.#..###....#≈# ..P.≈;#.##.#.#
#.#..# #....#.#+ ..≈.≈≈#†##.#.#
#.#..###....#..# .P$:≈##≈##....
##.#.#......###.# ########≈###.#
#...........# ≈≈# ..!≈≈##≈##.#
##.#.####.....##≈# .P./≈≈#≈##..


You could see a komodo dragon.

Vanquished Creatures
  Prince Ribbit (D:5)
  Grinder (D:6)
  A steam dragon (D:6)
  A water moccasin (D:5)
  A black bear (D:3)
  A sky beast (D:6)
  3 necrophages
  An ogre (D:5)
  A phantom (D:6)
  5 kobold brigands (Sewer)
  A bullfrog (D:6)
  2 scorpions (D:4)
  A water moccasin zombie (D:6)
  3 wights (D:6)
  2 centaur zombies (D:6)
  A bullfrog zombie (D:5)
  A hound (D:5)
  2 bullfrog skeletons (D:5)
  A gnoll shaman (D:4)
  A centaur skeleton (D:4)
  Jessica (D:2)
  2 iguanas
  Natasha (thrice) (D:2)
  An orc wizard (D:5)
  A hound zombie (D:5)
  A howler monkey zombie (D:5)
  7 adders
  5 gnolls (D:4)
  3 river rats
  A white imp (D:5)
  An ufetubus (D:5)
  7 worms
  2 dart slugs
  9 orcs
  8 bats
  15 endoplasms
  4 giant cockroaches
  5 goblins
  6 hobgoblins
  11 jackals
  13 kobolds
  3 quokkas
  13 ball pythons
  6 frilled lizards
  14 rats
173 creatures vanquished.

Vanquished Creatures (others)
  A bush (D:4)
  12 plants (D:4)
13 creatures vanquished.

Grand Total: 186 creatures vanquished

Notes
Turn   | Place    | Note
-------+----------+-------------------------------------------
     0 | D:1      | nyamberluvr69 the Naga Fighter began the quest for the Orb.
     0 | D:1      | Reached XP level 1. HP: 21/21 MP: 1/1
   189 | D:1      | Reached XP level 2. HP: 27/28 MP: 2/2
   471 | D:1      | Found a faded altar of an unknown god.
   729 | D:1      | Reached skill level 3 in Axes
   777 | D:1      | Reached XP level 3. HP: 28/34 MP: 3/3
  1102 | D:2      | Reached XP level 4. HP: 4/43 MP: 4/4
  1532 | D:2      | Noticed Natasha
  1550 | D:2      | Killed Natasha
  1736 | D:2      | Noticed Natasha
  1926 | D:2      | Reached skill level 4 in Axes
  1929 | D:2      | Noticed Jessica
  1945 | D:2      | Killed Jessica
  1996 | D:2      | Reached XP level 5. HP: 42/50 MP: 5/5
  2386 | D:2      | Killed Natasha
  2551 | D:2      | Noticed Natasha
  2554 | D:2      | Killed Natasha
  2819 | D:3      | Noticed a black bear
  2828 | D:3      | Killed a black bear
  2829 | D:3      | Reached skill level 5 in Axes
  2829 | D:3      | Reached XP level 6. HP: 58/58 MP: 6/6
  3188 | D:3      | Found an ornate altar of the Wu Jian Council.
  3188 | D:3      | Found a shadowy altar of Dithmenos.
  3286 | D:3      | Found Fuvucix's Magic Scroll Boutique.
  3303 | D:3      | Bought a scroll of identify for 28 gold pieces
  4033 | D:4      | Noticed a necrophage
  4159 | D:4      | Found a blossoming altar of Fedhas.
  4170 | D:4      | Found a glowing drain.
  4182 | D:4      | Reached skill level 5 in Fighting
  4182 | D:4      | Reached skill level 6 in Axes
  4189 | Sewer    | Entered a sewer
  4440 | Sewer    | Reached XP level 7. HP: 24/67 MP: 7/7
  5753 | Sewer    | Reached skill level 7 in Axes
  6028 | D:4      | Reached XP level 8. HP: 17/76 MP: 8/8
  6598 | D:4      | Reached skill level 8 in Axes
  6890 | D:5      | Entered Level 5 of the Dungeon
  7053 | D:5      | Found a transporter.
  7060 | D:5      | Noticed Menkaure
  7124 | D:5      | Found a transporter.
  7124 | D:5      | Found an ancient bone altar of Kikubaaqudgha.
  7210 | D:5      | Found a basalt altar of Yredelemnul.
  7385 | D:5      | Reached skill level 9 in Axes
  7968 | D:5      | Noticed Prince Ribbit
  7979 | D:5      | Killed Prince Ribbit
  7980 | D:5      | Reached XP level 9. HP: 47/86 MP: 9/9
  8297 | D:6      | Reached skill level 10 in Axes
  8423 | D:6      | Noticed Grinder
  8433 | D:6      | Killed Grinder
  8480 | D:6      | Found a sparkling altar of Nemelex Xobeh.
  8935 | D:6      | Found an opulent altar of Gozag.
  8999 | D:6      | Noticed a komodo dragon
  9010 | D:6      | Slain by a komodo dragon

Illustrated notes

Levels and vault maps discovered:
D:1:      nzn_arrival_crosshair, layout_basic,
          shapermc_ecumenical_altar_mp_vishouse
D:2:      layout_basic, uniq_natasha, uniq_jessica
D:3:      layout_basic, jmf_multi_god_temple, serial_shops, nicolae_diamond_shop
D:4:      layout_cave_pools, fedhas_altar_decomposition, gup_sewer_entry_bowl
D:5:      layout_gridville, gammafunk_temple_of_torment, uniq_prince_ribbit1
D:6:      cheibrodos_two_vegetables, layout_loops_corners, kennysheep_mini_moat,
          nicolae_overflow_crystal_walls, uniq_grinder

Skill      XL: |  1  2  3  4  5  6  7  8  9 |
---------------+----------------------------+-----
Axes           | 3 4 5 6 7 9 10 | 10.6
Fighting       | 4 5 7 8 |  8.0
Armour         | |  2.4
Shields        | |  2.4

Action                   |  1- 3 |  4- 6 |  7- 9 || total
-------------------------+-------+-------+-------++-------
Melee: War axe           |   129 |   203 |   261 ||   593
 Abil: Spit Poison       |     1 |     4 |     3 ||     8
Evoke: Wand              |       |       |     4 ||     4
  Use: Potion            |       |     1 |     1 ||     2
       Scroll            |       |     2 |     2 ||     4
 Stab: Paralysed         |       |       |     8 ||     8
Armor: Scale mail        |    79 |    65 |    92 ||   236
Dodge: Dodged            |    46 |    40 |    54 ||   140
Block: Kite shield       |    87 |    94 |   145 ||   326

Table legend: (Time is in decaauts)
 A = Elapsed time spent in this place.
 B = Non-inter-level travel time spent in this place.
 C = Inter-level travel time spent in this place.
 D = Time resting spent in this place.
 E = Time spent auto-exploring this place.
 F = Levels seen in this place.
 G = Mean time per level.
                   A        B        C        D        E       F      G
               +--------+--------+--------+--------+--------+-----+--------+
         Total |  11239 |  10891 |    348 |   2469 |   6526 |   7 | 1605.6 |
       Dungeon |   8960 |   8612 |    348 |   1542 |   5610 |   6 | 1493.3 |
         Sewer |   2278 |   2278 |      0 |    927 |    915 |   1 | 2278.0 |
               +--------+--------+--------+--------+--------+-----+--------+

Top non-repeatable levels by time:
   Sewer: 2278 daAuts
     D:2: 1880 daAuts
     D:3: 1859 daAuts
     D:5: 1635 daAuts
     D:1: 1486 daAuts
     D:4: 1101 daAuts
     D:6: 995 daAuts
